 Dungeon Crawl Stone Soup version 0.31.0 (webtiles) character file.

Game seed: 9234621323431013693

81 qw the Shooter (level 4, -2/28 HPs)
             Began as a Gargoyle Hunter on Jan 19, 2024.
             Slain by a hound (3 damage)
             ... on level 4 of the Dungeon.
             The game lasted 00:00:09 (2333 turns).

qw the Shooter (Gargoyle Hunter)                    Turns: 2333, Time: 00:00:10

Health: -2/28      AC:  7    Str: 15    XL:     4   Next: 42%
Magic:  4/4        EV: 11    Int:  9    God:
Gold:   74         SH:  0    Dex: 15    Spells: 3/3 levels left

rFire   . . .        a - +0 shortbow
rCold   . . .        (shield currently unavailable)
rNeg    + . .        c - +0 leather armour
rPois   inf          j - +0 helmet
rElec   +            (no cloak)
rCorr   .            (no gloves)
SInv    .            (no boots)
Will    .....        (no amulet)
Stlth   ++           (no ring)
HPRegen 0.24/turn    (no ring)
MPRegen 0.09/turn

%: no passive effects
@: no status effects
A: sickness immunity, AC +3, negative energy resistance 1, electricity
resistance, torment resistance 1, petrification resistance
a: no special abilities


You were on level 4 of the Dungeon.
You visited 1 branch of the dungeon, and saw 4 of its levels.

You collected 94 gold pieces.
You spent 20 gold pieces at shops.


Innate Abilities, Weirdness & Mutations

You are immune to sickness and miasma.
Your stone body is resilient. (AC +3)
You are immune to poison.
You resist negative energy. (rN+)
You are resistant to electric shocks. (rElec)
You are resistant to unholy torment.
You are immune to petrification.


   Skills:
 - Level 3.0 Fighting
 + Level 5.4 Ranged Weapons
 - Level 1.5 Dodging
 - Level 1.1 Stealth


You had 3 spell levels left.
You didn't know any spells.
Your spell library was empty.

Inventory:

Hand Weapons
 a - a +0 shortbow (weapon)
Armour
 c - a +0 leather armour (worn)
 j - a +0 helmet (worn)
Wands
 e - a wand of charming (10)
Potions
 b - a potion of might
 d - a potion of curing
 f - 2 potions of enlightenment
 g - a potion of lignification {unknown}
 k - a potion of attraction {unknown}

Dungeon Overview and Level Annotations

Branches:
Dungeon (4/15)
 Temple: D:4-7

Altars:
Trog

Shops:
D:1 [[=?


Message History

As you read the scroll of identify, it crumbles to dust.
b - a potion of might Done exploring.
2280 ||| READING scroll labelled KAYGIA JEOPS.
The air fills with toxic fumes!
As you read the scroll labelled KAYGIA JEOPS, it crumbles to dust.
It was a scroll of poison.
Done exploring.
2281 ||| DRINKING 2 dark potions.
It was a potion of curing.
You feel better.
Done exploring.
What level of the Dungeon? (default 3, ? - help)
There is a stone staircase leading down here.
You climb downwards.
There is a stone staircase leading up here.
You see here an adder corpse.
Done exploring.
Done exploring.
What level of the Dungeon? (default 3, ? - help)
There is a stone staircase leading down here.
You climb downwards.
The ogre shouts!
Found a short sword and 2 fuming white potions.
There is a stone staircase leading up here.
An ogre is nearby!
You shoot an arrow. The arrow hits the ogre.
The ogre is moderately wounded.
A hound comes into view.
2329 ||| RETREEEEATING.
Found 16 gold pieces.
2330 ||| RETREEEEATING.
You shoot an arrow. The arrow hits the ogre.
The ogre is moderately wounded.
The ogre hits you with a +0 giant club!
Ouch! That really hurt!
You shoot an arrow. The arrow hits the ogre.
The ogre is heavily wounded.
The ogre hits you with a +0 giant club!
You shoot an arrow. The arrow barely misses the ogre.
The hound bites you but does no damage. The ogre misses you.
The hound bites you.
You die...

## #.## ##...###
#...... .
###.h.# ...
#..@O.###h
.....#...)......
.......<...#$...
...........# ...
..........## .
....!.......
............#
.........####
..!.......


You could see an ogre and a hound.

Vanquished Creatures
  2 adders (D:3)
  2 dart slugs
  A ribbon worm (D:2)
  9 ball pythons
  4 endoplasms
  2 giant cockroaches
  4 goblins
  4 hobgoblins
  6 jackals (D:2)
  3 quokkas (D:1)
  4 bats
  3 frilled lizards (D:2)
  4 kobolds
  5 rats
53 creatures vanquished.

Notes
Turn   | Place    | Note
-------+----------+-------------------------------------------
     0 | D:1      | qw the Gargoyle Hunter began the quest for the Orb.
     0 | D:1      | Reached XP level 1. HP: 12/12 MP: 1/1
     0 | D:1      | 0 ||| qw: Version: 0.3-a-132-g3d54051
     0 | D:1      | 0 ||| qw: Game counter: 244
     0 | D:1      | 0 ||| qw: Melee chars always use a shield: true
     0 | D:1      | 0 ||| qw: God list: Okawaru
     0 | D:1      | 0 ||| qw: Allow faded altars: false
     0 | D:1      | 0 ||| qw: Do Orc after clearing Dungeon:15 true
     0 | D:1      | 0 ||| qw: Do second Lair branch before Depths: true
     0 | D:1      | 0 ||| qw: Lair rune preference: random
     0 | D:1      | 0 ||| qw: Goals: Normal
     0 | D:1      | 0 ||| PLANNING D:1-11
    63 | D:1      | Found Seacuopp's Antique Armour Shoppe.
    75 | D:1      | 75 ||| SHOPLISTING pair of runed boots (150 gold, have 13).
    75 | D:1      | 75 ||| SHOPLISTING ring mail (80 gold, have 13).
    78 | D:1      | Found Sianuromon's Jewellery Shop.
    90 | D:1      | 90 ||| SHOPLISTING +4 ring of protection (360 gold, have
                  | 13).
    90 | D:1      | 90 ||| SHOPLISTING +6 ring of strength (360 gold, have 13).
    90 | D:1      | 90 ||| SHOPLISTING amulet of faith (400 gold, have 13).
    90 | D:1      | 90 ||| SHOPLISTING amulet of reflection (300 gold, have
                  | 13).
    90 | D:1      | 90 ||| SHOPLISTING amulet of regeneration (300 gold, have
                  | 13).
    90 | D:1      | 90 ||| SHOPLISTING amulet of the acrobat (300 gold, have
                  | 13).
    90 | D:1      | 90 ||| SHOPLISTING ring of protection from cold (250 gold,
                  | have 13).
    90 | D:1      | 90 ||| SHOPLISTING ring of protection from fire (250 gold,
                  | have 13).
   180 | D:1      | Reached XP level 2. HP: 12/17 MP: 2/2
   520 | D:1      | Found a faded altar of an unknown god.
   666 | D:1      | Reached XP level 3. HP: 21/21 MP: 3/3
   673 | D:1      | Found Nacruxip's Armour Emporium.
   686 | D:1      | 686 ||| SHOPLISTING +0 ring mail (48 gold, have 35).
   686 | D:1      | 686 ||| SHOPLISTING +3 ring mail of cold resistance (312
                  | gold, have 35).
   889 | D:1      | Found Gefep's Magic Scroll Shop.
   897 | D:1      | 897 ||| BUYING scroll of identify (20 gold).
   897 | D:1      | Bought a scroll of identify for 20 gold pieces
   897 | D:1      | 897 ||| SHOPLISTING scroll of identify (20 gold, have 15).
   897 | D:1      | 897 ||| SHOPLISTING scroll of teleportation (30 gold, have
                  | 15).
   897 | D:1      | 897 ||| READING scroll labelled YGEYXE NENEVAA.
   913 | D:1      | 913 ||| READING 2 scrolls of identify.
   913 | D:1      | 913 ||| IDENTIFYING sedimented cyan potion
   914 | D:1      | 914 ||| READING scroll of identify.
   914 | D:1      | 914 ||| IDENTIFYING purple potion
   915 | D:1      | 915 ||| DRINKING 3 clear potions.
   916 | D:1      | 916 ||| DROPPING scroll of butterflies.
   917 | D:1      | 917 ||| DROPPING potion of invisibility.
   918 | D:1      | 918 ||| DROPPING potion of brilliance.
   968 | D:2      | Reached skill level 5 in Ranged Weapons
  1091 | D:2      | You fall into a shaft and drop 2 floors!
  1092 | D:4      | 1092 ||| FLEEEEING.
  1097 | D:4      | 1097 ||| STAIRDANCE
  1113 | D:3      | Reached skill level 3 in Fighting
  1145 | D:3      | 1145 ||| FLEEEEING.
  1150 | D:3      | 1150 ||| STAIRDANCE
  1351 | D:2      | Reached XP level 4. HP: 28/28 MP: 4/4
  1366 | D:2      | 1366 ||| FLEEEEING.
  2002 | D:3      | Found a bloodstained altar of Trog.
  2252 | D:3      | 2252 ||| FLEEEEING.
  2256 | D:3      | 2256 ||| STAIRDANCE
  2274 | D:2      | 2274 ||| UPGRADING to +0 helmet.
  2279 | D:2      | 2279 ||| READING scroll of identify.
  2279 | D:2      | 2279 ||| IDENTIFYING golden potion
  2280 | D:2      | 2280 ||| READING scroll labelled KAYGIA JEOPS.
  2281 | D:2      | 2281 ||| DRINKING 2 dark potions.
  2327 | D:4      | Noticed an ogre
  2329 | D:4      | 2329 ||| RETREEEEATING.
  2330 | D:4      | 2330 ||| RETREEEEATING.
  2332 | D:4      | HP: 1/28 [ogre/+0 giant club (10)]
  2333 | D:4      | Slain by a hound

Levels and vault maps discovered:
D:1:      eino_arrival_cavern_e, layout_basic, serial_shops, shop,
          nicolae_shop_gaudy_bauble, shop, shop_statue,
          ebering_ecumenical_altar_ruins, minmay_misc_feat_square,
          hangedman_decor_growths, nicolae_kite_square_tiling_tiny,
          minmay_tromino_v2
D:2:      layout_loops_ring, chequers_serial_rivers_micro_a, minmay_diced_spiral
D:3:      layout_loops_ring, mainiacjoe_overflow_alcove_2, due_unseen_surprise
D:4:      layout_cave_pools

Skill      XL: |  1  2  3 |
---------------+----------+-----
Ranged Weapons | 5 |  5.4
Fighting       | 3 |  3.0
Dodging        | |  1.5
Stealth        | |  1.1

Action                     |  1- 3 |  4- 6 || total
---------------------------+-------+-------++-------
   Fire: Shortbow          |   120 |    51 ||   171
    Use: Scroll            |     3 |     2 ||     5
         Potion            |     1 |     1 ||     2
 Armour: Leather armour    |    34 |    30 ||    64
  Dodge: Dodged            |    51 |    22 ||    73

Table legend:
 A = Non-vault XP
 B = Vault XP
 C = Vault XP percentage of total XP
 D = Non-vault monster count
 E = Vault monster count
 F = Vault count percentage of total count
                 A         B        C        D         E       F
            +---------+---------+-------+---------+---------+-------
      Total |     105 |      12 |  10.3 |      47 |       6 |  11.3
            +---------+---------+-------+---------+---------+-------
        D:1 |      34 |       3 |   8.1 |      20 |       2 |   9.1
        D:2 |      30 |       9 |  23.1 |      18 |       4 |  18.2
        D:3 |      41 |       0 |   0.0 |       9 |       0 |   0.0
            +---------+---------+-------+---------+---------+-------
